Map: Dusk Towers

Players

Black

  • Race: Zerg Zerg
  • League: Master

xKawaiian - Winner!

  • Race: Terran Terran
  • League: Master

VOD

Have the link to the VOD?

Description

Time

  • Played on: Jan. 15, 2016, 4:52 p.m.
  • Length: 13:07
Show
View Real Time Build Order
Export as new Build Order

Black Zerg 

Build Orders: Hatch First 

Get SALT Encoding   

  12  0:01  Drone  
  13  0:12  Overlord  
  13  0:17  Drone  
  14  0:30  Drone  
  14  0:31  Drone  
  14  0:34  Drone  
  17  0:51  Hatchery  
  17  0:54  Drone  
  17  0:57  Extractor  
  17  0:59  Drone  
  17  1:15  Drone, Spawning Pool  
  17  1:20  Drone  
  18  1:28  Drone  
  19  1:39  Overlord  
  19  2:01  Metabolic Boost  
  19  2:02  Zergling x2, Queen  
  19  2:03  Zergling x2  
  19  2:05  Queen  
  25  2:08  Drone  
  25  2:11  Drone  
  25  2:14  Drone  
  28  2:21  Drone  
  29  2:24  Drone  
  30  2:33  Drone  
  31  2:39  Drone  
  31  2:42  Queen  
  34  2:46  Overlord x2  
  34  2:56  Drone  
  34  2:58  Drone  
  36  3:09  Drone  
  36  3:10  Drone  
  36  3:11  Hatchery  
  36  3:12  Drone  
  38  3:13  Drone x2  
  38  3:17  Overlord  
  38  3:18  Overlord  
  40  3:21  Drone  
  42  3:34  Drone x4  
  42  3:39  Extractor  
  44  3:43  Drone  
  44  3:44  Roach Warren, Drone  
  44  3:47  Drone x3  
  48  3:58  Spore Crawler  
  48  3:59  Drone  
  48  4:01  Spore Crawler, Drone  
  48  4:02  Drone x3  
  51  4:12  Overlord  
  51  4:13  Overlord  
  51  4:21  Drone x3  
  54  4:24  Drone x3  
  54  4:25  Drone x2  
  59  4:33  Drone x2  
  59  4:34  Drone  
  61  4:41  Drone  
  62  4:46  Lair  
  62  4:49  Drone x3  
  65  4:53  Extractor, Queen  
  65  4:54  Overlord, Extractor  
  65  5:03  Overlord x3  
  65  5:11  Drone  
  65  5:13  Drone x4  
  70  5:18  Drone x2  
  70  5:19  Roach x4  
  70  5:20  Evolution Chamber  
  70  5:21  Evolution Chamber  
  78  5:24  Roach  
  78  5:26  Roach  
  82  5:34  Roach  
  82  5:35  Roach x4  
  92  5:41  Drone  
  93  5:43  Spore Crawler  
  93  5:47  Zerg Missile Weapons Level 1, Zerg Ground Armor Level 1  
  93  5:48  Glial Reconstitution  
  93  5:50  Drone x3  
  93  5:51  Drone  
  93  5:53  Extractor  
  93  5:54  Drone  
  93  5:55  Drone x2, Extractor  
  97  6:03  Drone  
  92  6:09  Drone  
  92  6:10  Drone x6  
  79  6:29  Drone x5  
  79  6:30  Drone x2  
  79  6:31  Drone  
  83  6:34  Queen  
  83  6:35  Drone x3  
  83  6:36  Drone  
  84  6:56  Roach x6  
  96  7:05  Roach x3  
  96  7:06  Roach x2  
  106  7:15  Overlord x2  
  106  7:16  Overlord  
  106  7:20  Ravager  
  106  7:21  Ravager x5  
  106  7:22  Ravager  
  113  7:25  Overlord  
  113  7:26  Overlord  
  113  7:27  Overlord  
  113  7:28  Hatchery  
  112  7:33  Overlord x3  
  112  7:35  Ravager x3  
  112  7:36  Ravager x6  
  121  7:38  Overlord x2  
  121  7:39  Roach x2  
  121  7:40  Roach  
  127  7:47  Roach x2  
  131  7:55  Drone x2  
  131  7:56  Spore Crawler  
  131  7:57  Spore Crawler  
  131  7:58  Drone x2  
  131  8:00  Spore Crawler x2  
  131  8:01  Drone x2  
  131  8:02  Spore Crawler, Zerg Missile Weapons Level 2  
  131  8:03  Spore Crawler  
  131  8:08  Roach x5  
  131  8:12  Drone  
  142  8:16  Queen  
  139  8:20  Drone  
  139  8:21  Drone x4  
  142  8:29  Roach x2  
  142  8:32  Spore Crawler  
  142  8:35  Roach x5  
  142  8:36  Roach  
  148  8:55  Drone  
  148  8:56  Drone x2  
  148  8:59  Zerg Ground Armor Level 2  
  148  9:00  Infestation Pit  
  150  9:11  Ravager  
  150  9:12  Ravager x5  
  150  9:16  Hatchery, Overlord x3, Extractor  
  150  9:17  Overlord x2  
  154  9:20  Extractor  
  153  9:26  Roach  
  153  9:27  Roach x5  
  158  9:40  Roach  
  158  9:41  Roach x8  
  158  9:44  Roach  
  138  10:05  Roach  
  138  10:06  Roach x5  
  112  10:14  Hive  
  112  10:17  Roach x5  
  110  10:24  Roach x2  
  114  10:34  Roach  
  114  10:35  Ravager x2  
  106  10:37  Hatchery  
  106  10:39  Ravager x4  
  106  10:40  Ravager  
  110  10:46  Ravager  
  110  10:48  Zergling x8  
  110  10:49  Zergling x4  
  117  10:53  Overseer  
  118  10:57  Ravager x2  
  118  11:02  Drone x4  
  118  11:03  Drone x2  
  115  11:23  Roach  
  115  11:24  Roach x6  
  127  11:38  Drone  
  127  11:40  Ultralisk Cavern  
  127  11:45  Hatchery, Roach  
  127  11:46  Roach x4  
  88  12:01  Roach  
  88  12:02  Roach x5  
  94  12:15  Roach x5  
  89  12:30  Overseer x2  
  89  12:34  Hatchery  
  89  12:35  Ravager  
  89  12:36  Ravager  
Show
View Real Time Build Order
Export as new Build Order

xKawaiian Terran - Winner!

Build Orders: Reaper Expand, MMM Bio 

Get SALT Encoding   

  12  0:01  SCV  
  13  0:13  SCV  
  14  0:17  Supply Depot  
  14  0:25  SCV  
  15  0:39  SCV  
  15  0:41  Barracks  
  16  0:46  Refinery  
  16  0:51  SCV  
  17  1:03  SCV  
  18  1:15  SCV  
  19  1:28  Orbital Command  
  19  1:31  Reaper  
  20  1:41  Command Center  
  20  1:53  Supply Depot  
  20  1:54  SCV  
  21  2:03  Barracks Reactor  
  21  2:06  SCV  
  22  2:11  Barracks  
  22  2:18  SCV  
  22  2:20  Barracks  
  23  2:31  SCV  
  24  2:39  Marine  
  24  2:40  Marine  
  24  2:43  SCV  
  27  2:53  Orbital Command  
  27  2:55  SCV  
  28  2:59  Barracks Tech Lab  
  28  3:01  Marine x2  
  30  3:07  SCV  
  30  3:08  Marine  
  32  3:14  Factory  
  32  3:15  Refinery  
  32  3:18  Marine  
  32  3:19  SCV, Marine  
  35  3:20  SCV  
  35  3:22  Stimpack, Marine  
  35  3:26  Marine  
  38  3:31  SCV  
  39  3:36  SCV, Marine  
  39  3:39  Marine  
  42  3:41  Supply Depot, Marine  
  42  3:43  SCV  
  42  3:45  Marine  
  42  3:48  SCV  
  46  3:58  Starport  
  46  3:59  Factory Reactor  
  46  4:02  Marine  
  46  4:03  SCV x2  
  46  4:04  Supply Depot  
  46  4:06  Marine  
  46  4:07  Supply Depot, Marine  
  51  4:10  Marine  
  51  4:15  SCV  
  53  4:20  SCV  
  54  4:26  Marine x3  
  54  4:27  SCV, Marine  
  59  4:32  SCV  
  60  4:39  SCV  
  60  4:43  Medivac x2  
  60  4:44  SCV  
  66  4:47  Command Center  
  66  4:49  Factory Reactor  
  66  4:51  SCV  
  67  4:54  Supply Depot  
  67  4:55  Barracks Reactor  
  67  4:56  Supply Depot  
  67  4:58  SCV  
  67  4:59  Marine  
  68  5:03  SCV  
  69  5:09  Engineering Bay  
  69  5:10  SCV  
  69  5:12  Engineering Bay  
  70  5:15  SCV, Marine  
  72  5:22  SCV, Marine, Medivac  
  72  5:23  Refinery x2, Marine  
  72  5:27  SCV  
  78  5:32  Supply Depot  
  78  5:34  SCV  
  78  5:35  Supply Depot, Marine x2  
  81  5:39  Combat Shields, SCV  
  81  5:40  Hellion  
  84  5:46  SCV  
  84  5:47  Marine  
  86  5:53  Marine x2  
  86  5:54  SCV  
  86  5:55  Terran Infantry Weapons Level 1  
  86  5:56  Terran Infantry Armor Level 1  
  87  6:08  Marine  
  87  6:09  Medivac  
  87  6:10  Marine  
  89  6:12  Marauder  
  85  6:21  Marine x2  
  85  6:22  SCV  
  85  6:24  SCV  
  87  6:27  Barracks  
  87  6:28  Barracks  
  87  6:30  Marine, Widow Mine x2  
  92  6:33  Marauder  
  92  6:36  Marine  
  95  6:40  SCV x2  
  95  6:44  Medivac x2  
  95  6:52  SCV x2  
  95  6:53  Marine x3  
  100  6:54  Armory  
  100  6:55  Marauder  
  103  7:04  SCV  
  103  7:06  Orbital Command  
  103  7:09  Marine  
  103  7:10  Marine  
  103  7:11  SCV  
  106  7:16  Marauder  
  106  7:18  Barracks Reactor x2  
  106  7:21  SCV  
  109  7:23  Missile Turret  
  109  7:24  Missile Turret  
  109  7:25  Marine  
  109  7:26  Medivac x2, Marine  
  115  7:34  Supply Depot x2, Marine x2  
  115  7:35  Supply Depot  
  117  7:50  Marine  
  117  7:52  SCV x2  
  117  7:55  Terran Infantry Weapons Level 2, Terran Infantry Armor Level 2  
  117  7:56  Marine x4  
  117  7:57  Command Center  
  121  7:59  SCV  
  121  8:04  Supply Depot  
  121  8:05  Supply Depot, Refinery x2  
  122  8:08  Marauder  
  122  8:10  Marine  
  125  8:17  Marine  
  125  8:18  Marine x5  
  125  8:19  Medivac x2, Widow Mine x2  
  135  8:27  Supply Depot, Marine  
  135  8:28  SCV, Marine  
  135  8:29  Supply Depot x2  
  135  8:30  Marauder  
  137  8:36  Marine x3  
  139  8:41  Barracks  
  139  8:42  Barracks  
  139  8:43  Marine  
  139  8:47  SCV, Widow Mine x2  
  145  8:48  SCV  
  145  8:50  Supply Depot  
  145  8:51  Marauder  
  145  8:55  SCV  
  139  9:02  Marine x2  
  141  9:05  Supply Depot x2  
  141  9:08  Supply Depot, Marine  
  141  9:09  Marine  
  143  9:13  Marauder  
  143  9:14  Marine x2  
  143  9:16  Widow Mine  
  149  9:21  Marine  
  149  9:22  Marine, Widow Mine  
  144  9:34  Marauder  
  144  9:35  SCV  
  144  9:38  Marine x2  
  146  9:39  Barracks Tech Lab  
  146  9:40  Barracks Reactor  
  146  9:44  Widow Mine  
  146  9:45  Marine x2  
  146  9:50  Widow Mine, Marine x2  
  146  9:51  Marine x2  
  139  9:55  Marauder  
  139  9:56  Marine  
  139  9:59  Marauder, Marine  
  134  10:03  Marine x2  
  134  10:06  Medivac  
  124  10:08  Marine x2  
  124  10:09  Marine  
  124  10:13  Widow Mine, Marine  
  113  10:14  Marine  
  113  10:16  Terran Infantry Weapons Level 3, Terran Infantry Armor Level 3  
  113  10:17  Marauder, Marine  
  113  10:18  SCV x2  
  113  10:19  Widow Mine  
  120  10:21  SCV  
  119  10:29  Marine x4  
  119  10:32  Marine  
  118  10:36  Marauder  
  118  10:38  SCV  
  118  10:39  SCV  
  118  10:41  Widow Mine  
  124  10:44  Planetary Fortress  
  124  10:47  Widow Mine  
  124  10:48  Marauder, Marine x2  
  130  10:52  Marine x2  
  130  10:54  Medivac  
  130  10:56  Medivac  
  136  10:58  SCV  
  136  11:00  SCV  
  136  11:01  SCV  
  136  11:03  Marauder  
  141  11:07  Liberator  
  141  11:09  Liberator  
  139  11:16  Marine x2  
  139  11:17  Marine x2, Marauder  
  131  11:23  Widow Mine, Marine x5  
  131  11:24  Widow Mine  
  131  11:25  Marauder  
  145  11:28  Marine  
  141  11:34  Marine x2  
  141  11:35  Marine x2  
  141  11:38  Marauder  
  145  11:41  Marine  
  145  11:44  Marine x2  
  145  11:46  Marauder  
  144  11:48  Marine  
  144  11:51  Marine x2  
  144  11:53  Liberator x2  
  144  11:54  Widow Mine x2  
  133  11:55  Marine x2  
  133  11:56  Marine x2  
  133  11:57  SCV x2  
  133  11:58  Marine  
  133  11:59  Marauder  
  139  12:01  Marine  
  139  12:05  Marine  
  139  12:07  Marauder  
  132  12:08  Marine  
  132  12:09  Marine x2  
  132  12:11  SCV x2  
  132  12:12  Marine  
  132  12:13  Marine  
  132  12:15  Barracks x2  
  145  12:17  Starport, Fusion Core  
  145  12:21  Marauder  
  144  12:24  Marine x2  
  144  12:27  Marine x2  
  144  12:28  Widow Mine x2  
  144  12:29  Marauder  
  150  12:36  Command Center  
  150  12:37  SCV  
  150  12:42  Marauder  
  152  12:46  SCV x2  
  152  12:47  SCV  
  152  12:48  Marine x3  
  152  12:49  SCV  
Tags
 
Add a new tag
Caveats
  • Supply blocks, unpowered buildings, or Contaminate may cause inaccurate times.
  • Supply counts are checked every 10 seconds.